 Dungeon Crawl Stone Soup version 0.31-a0-4-gefa6de2278 (webtiles) character file.

Game seed: 4208584107166059792

8864 Sabo the Cleaver (level 11, -2/52 HPs)
             Began as a Vine Stalker Fighter on May 3, 2023.
             Was a Believer of Hepliaklqana.
             Killed from afar by an electric eel (12 damage)
             ... with a bolt of electricity
             ... on level 10 of the Dungeon on May 4, 2023.
             The game lasted 00:52:58 (8778 turns).

Sabo the Cleaver (Vine Stalker Fighter)             Turns: 8778, Time: 00:52:59

Health: -2/52      AC: 17    Str: 23    XL:     11   Next: 37%
Magic:  0/12       EV: 13    Int:  4    God:    Hepliaklqana [**....]
Gold:   45         SH:  7    Dex: 28    Spells: 10/10 levels left

rFire   . . .        o - +8 hand axe of Red Wine {flame, +Blink Fly rC+ Int-4 Dex+3}
rCold   + + +        c - +0 buckler
rNeg    . . .        v - +6 scale mail of Gestures {*Corrode Dex+9}
rPois   +            (no helmet)
rElec   .            i - +2 cloak
rCorr   +            (no gloves)
SInv    .            (no boots)
Will    +....        E - amulet of regeneration
Stlth   ++           r - ring of poison resistance
HPRegen 1.88/turn    x - ring "Burhic" {*Slow +Blink rC++ rCorr Dex+2}
MPRegen 0.13/turn

%: corrode self (3%), slow self (1%), guardian spirit
@: flying
A: reduced essence, fangs 3, regeneration 1, magic shield, antimagic bite, no
potion heal 2
a: Renounce Religion, Evoke Blink, Recall Ancestor, Ancestor Identity


You were on level 10 of the Dungeon.
You worshipped Hepliaklqana.
Hepliaklqana was pleased with you.
You visited 1 branch of the dungeon, and saw 10 of its levels.
You also visited: Ossuary.

You collected 746 gold pieces.
You spent 701 gold pieces at shops.

Inventory:

Hand Weapons
 o - the +8 hand axe of Red Wine (weapon) {flame, +Blink Fly rC+ Int-4 Dex+3}
   (You found it on level 3 of the Dungeon)

   Int:       It affects your intelligence (-4).
   Dex:       It affects your dexterity (+3).
   rC:        It protects you from cold.
   Fly:       It grants you flight.
   +Blink:    It lets you blink.
 w - a +3 war axe
 B - a +4 mace of freezing
 F - a +5 dire flail
 J - a +3 battleaxe
 N - a +3 shortbow
Missiles
 k - 19 poisoned darts (quivered)
 P - a throwing net
Armour
 c - a +0 buckler (worn)
 i - a +2 cloak (worn)
 v - the +6 scale mail of Gestures (worn) {*Corrode Dex+9}
   (You found it on level 4 of the Dungeon)

   Dex:       It affects your dexterity (+9).
   *Corrode:  It may corrode you when you take damage.
 D - a scarf of invisibility
Jewellery
 r - a ring of poison resistance (left hand)
 x - the ring "Burhic" (right hand) {*Slow +Blink rC++ rCorr Dex+2}
   (You bought it in a shop on level 9 of the Dungeon)

   [ring of resist corrosion]

   Dex:       It affects your dexterity (+2).
   rC:        It greatly protects you from cold.
   +Blink:    It lets you blink.
   rCorr:     It protects you from acid and corrosion.
   *Slow:     It may slow you when you take damage.
 E - an amulet of regeneration (around neck)
Wands
 y - a wand of mindburst (15)
 z - a wand of light (8)
 A - a wand of digging (7)
 K - a wand of roots (2)
 L - a wand of flame (22)
Scrolls
 b - 2 scrolls of enchant armour
 f - 2 scrolls of blinking
 g - a scroll of enchant weapon
 h - 2 scrolls of fog
 l - 5 scrolls of fear
 m - 4 scrolls of magic mapping
 n - 2 scrolls of teleportation
 p - a scroll of silence
 u - a scroll of poison
Potions
 a - a potion of cancellation {unknown}
 d - a potion of might
 e - 6 potions of flight
 j - 6 potions of curing
 q - 2 potions of haste {unknown}
 s - 2 potions of lignification {unknown}
 t - a potion of magic {unknown}
 C - 3 potions of degeneration {unknown}
 G - 3 potions of berserk rage
 H - a potion of invisibility {unknown}
 I - a potion of resistance {unknown}


   Skills:
 + Level 6.5 Fighting
 + Level 10.9 Axes
 + Level 7.2 Armour
 + Level 3.6 Dodging
 + Level 2.5 Stealth
 + Level 6.1 Shields


You had 10 spell levels left.
You didn't know any spells.
Your spell library contained the following spells:

 Spells                   Type           Power      Damage    Failure   Level
 Kiss of Death            Conj/Necr      0%         2d5       83%         1
 Magic Dart               Conj           0%         1d3       83%         1
 Summon Small Mammal      Summ           0%         N/A       83%         1
 Blink                    Tloc           0%         N/A       93%         2
 Call Imp                 Summ           0%         N/A       93%         2
 Lesser Beckoning         Tloc           0%         N/A       93%         2
 Momentum Strike          Conj/Tloc      0%         3d8       93%         2
 Poisonous Vapours        Pois/Air       0%         N/A       93%         2
 Static Discharge         Conj/Air       0%         2-2/arc   93%         2
 Call Canine Familiar     Summ           0%         N/A       99%         3
 Confusing Touch          Hex            0%         N/A       99%         3
 Mephitic Cloud           Conj/Pois/Air  0%         N/A       99%         3
 Ozocubu's Armour         Ice            0%         N/A       99%         3
 Summon Guardian Golem    Hex/Summ       0%         N/A       99%         3
 Airstrike                Air            0%         2d(0-16)  100%        4
 Dispel Undead            Necr           0%         3d6       100%        4
 Summon Ice Beast         Ice/Summ       0%         N/A       100%        4
 Summon Lightning Spire   Summ/Air       0%         N/A       100%        4
 Freezing Cloud           Conj/Ice/Air   0%         6-21      100%        5
 Summon Forest            Summ/Tloc      0%         N/A       100%        5
 Eringya's Noxious Bog    Tmut/Pois      0%         N/A       100%        6
 Summon Hydra             Summ           0%         N/A       100%        7


Dungeon Overview and Level Annotations

Branches:
Dungeon (10/15)            Temple (0/1) D:6            Lair (0/5) D:10
Ossuary (visited)
    Orc: D:9-12

Altars:
Ashenzari
Cheibriados
Dithmenos
Elyvilon
Fedhas
Hepliaklqana
Kikubaaqudgha
Ru
Trog
Uskayaw
Wu Jian

Shops:
D:9 =


Innate Abilities, Weirdness & Mutations

Your life essence is reduced to manifest your ancestor. (-10% HP)
You have razor-sharp teeth.
Your natural rate of healing is unusually fast.
When hurt, damage is shared between your health and your magic reserves.
Your bite disrupts and absorbs the magic of your enemies.
Potions cannot restore your health.


Message History

The troll bites you but does no damage. The troll claws you but does no damage.
The troll closely misses you.
You slash the troll! You burn the troll.
The troll is severely wounded.
You block the troll's attack. The troll barely misses you. The troll claws you.
You slash the troll! You burn the troll.
You kill the troll!
The troll leather armour is intact enough to wear.
Your Shields skill increases to level 6!
An electric eel comes into view.
The hound bites you but does no damage.
A hound comes into view.
Things that are here:
a +0 troll leather armour; a troll corpse; a wolf corpse You miss the hound.
Belessunu misses the hound.
The hound bites you.
You slash the hound! You burn the hound. You bite the hound.
You drain its power.
You feel invigorated.
The hound is severely wounded.
The hound bites you but does no damage.
Belessunu gestures at the hound while chanting.
The stone arrow hits the hound!
The hound dies!
A vampire comes into view.
The electric eel shoots out a bolt of lightning at you!
The bolt of electricity hits you!
Belessunu gestures at the hound while chanting.
The stone arrow hits the hound!!
The hound dies!
An electric eel comes into view.
The electric eel shoots out a bolt of lightning at you!
The bolt of electricity hits you!
* * * LOW HITPOINT WARNING * * *
An electric eel comes into view.
The electric eel shoots out a bolt of lightning at you!
The bolt of electricity hits Belessunu!
The bolt of electricity hits you!
* * * LOW HITPOINT WARNING * * *
Found a staircase to the Lair.
The electric eel shoots out a bolt of lightning at you!
The bolt of electricity hits you!
You die...

.. ##. ###.. #..
#######...####### ##.#
................# #..#
..........†)....#####'##
.~.~..~.....)<..##......
~~....≈...[!))>..#......
~.~≈~~~..$.$............
~≈≈≈~..@........#.......
≈S≈~~.R..###+#####>.....
.~.~≈~S.## #......
...~~~..# #......
>.≈.~~..# #####+#
....SV~~# ...~≈~..#
.~.≈≈~... ##### #<...


You could see the friendly Belessunu the battlemage, a vampire and 3 electric
eels.

Vanquished Creatures
  Maurice (D:9)
  A troll (D:10)
  Sigmund (D:4)
  A shadow (D:10)
  A wraith (D:9)
  8 yaks
  2 vampire mosquitoes (D:10)
  An acid dragon (D:9)
  A water moccasin (D:8)
  An orc warrior (D:6)
  2 black bears
  2 ice beasts
  An ogre (D:5)
  3 centaurs
  A phantom (D:5)
  A kobold brigand (D:8)
  An elf zombie (D:7)
  2 gnoll sergeants
  A bullfrog (D:7)
  4 elf skeletons (D:7)
  14 scorpions
  20 wights
  8 killer bees (D:9)
  2 howler monkeys
  3 jellies (D:5)
  6 human zombies
  3 hounds
  A gnoll bouda (D:5)
  4 orc priests
  4 scorpion zombies (Ossuary)
  2 iguanas (D:4)
  6 orc wizards
  2 human skeletons (D:7)
  3 mummies (Ossuary)
  12 gnolls
  7 adders
  2 white imps
  An ufetubus (D:7)
  7 worms
  2 dart slugs (D:3)
  27 orcs
  7 endoplasms
  4 giant cockroaches
  4 gnoll zombies (Ossuary)
  12 goblins
  9 hobgoblins
  10 jackals
  13 kobolds
  4 quokkas
  11 ball pythons
  5 bats
  4 frilled lizards
  2 goblin zombies (Ossuary)
  A hobgoblin zombie (Ossuary)
  2 kobold zombies (Ossuary)
  An orc skeleton (D:7)
  2 orc zombies
  9 rats
272 creatures vanquished.

Vanquished Creatures (collateral kills)
  A two-headed ogre (D:10)
  A wraith (D:10)
  A steam dragon (D:8)
  A water moccasin (D:8)
  A wolf (D:10)
  A gnoll sergeant (D:9)
  A howler monkey (D:9)
  2 hounds (D:10)
  An orc wizard (D:10)
  A gnoll (D:8)
  2 orcs
  An orc zombie (Ossuary)
14 creatures vanquished.

Grand Total: 286 creatures vanquished

Notes
Turn   | Place    | Note
-------+----------+-------------------------------------------
     0 | D:1      | Sabo the Vine Stalker Fighter began the quest for the Orb.
     0 | D:1      | Reached XP level 1. HP: 11/11 MP: 2/2
    75 | D:1      | Reached XP level 2. HP: 11/16 MP: 3/3
   155 | D:1      | Reached skill level 2 in Axes
   387 | D:1      | Reached XP level 3. HP: 13/19 MP: 2/4
   815 | D:2      | You fall into a shaft and drop 1 floor!
   815 | D:3      | Found a snail-covered altar of Cheibriados.
  1293 | D:2      | Gained mutation: Your natural rate of healing is unusually
                  | fast. [Vine Stalker growth]
  1293 | D:2      | Reached XP level 4. HP: 23/24 MP: 5/5
  1781 | D:3      | Reached skill level 3 in Axes
  1785 | D:3      | Identified the +8 hand axe of Red Wine {flame, +Blink Fly
                  | rC+ Int-4 Dex+3}
  2136 | D:3      | Reached XP level 5. HP: 28/28 MP: 6/6
  2660 | D:4      | Reached XP level 6. HP: 32/32 MP: 7/7
  2765 | D:4      | Identified the +6 scale mail of Gestures {*Corrode Dex+9}
  2814 | D:4      | Noticed Sigmund
  2837 | D:4      | Killed Sigmund
  2838 | D:4      | Reached skill level 4 in Axes
  2838 | D:4      | Reached skill level 1 in Dodging
  2927 | D:4      | Got the Guide on Frore Feathers
  2973 | D:4      | Noticed a black bear
  2977 | D:4      | Reached XP level 7. HP: 36/36 MP: 8/8
  3092 | D:4      | Reached skill level 5 in Axes
  3092 | D:4      | Reached skill level 1 in Stealth
  3189 | D:4      | Found a sacrificial altar of Ru.
  3279 | D:5      | Entered Level 5 of the Dungeon
  3518 | D:5      | Gained mutation: You have razor-sharp teeth. [Vine Stalker
                  | growth]
  3518 | D:5      | Reached XP level 8. HP: 42/42 MP: 9/9
  3608 | D:5      | Reached skill level 6 in Axes
  4037 | D:5      | Reached skill level 5 in Armour
  4226 | D:5      | Found a hazy altar of Hepliaklqana.
  4547 | D:5      | Became a worshipper of Hepliaklqana the Forgotten
  4601 | D:6      | Reached XP level 9. HP: 29/46 MP: 6/10
  4604 | D:6      | Reached skill level 7 in Axes
  4692 | D:6      | Found a white marble altar of Elyvilon.
  4767 | D:6      | Found a staircase to the Ecumenical Temple.
  4869 | D:6      | Identified the +0 ring mail of the Pit {+Inv rPois}
  5020 | D:6      | Found an ornate altar of the Wu Jian Council.
  5098 | D:6      | Found a blossoming altar of Fedhas.
  5467 | D:7      | Found a sand-covered staircase.
  5475 | Ossuary  | Entered an ossuary
  5492 | Ossuary  | Reached skill level 5 in Fighting
  5497 | Ossuary  | Reached skill level 8 in Axes
  5548 | Ossuary  | Reached * piety under Hepliaklqana
  5767 | Ossuary  | Reached XP level 10. HP: 45/45 MP: 11/11
  6002 | D:7      | Reached skill level 9 in Axes
  6045 | D:7      | Found a hide-covered altar of Uskayaw.
  6435 | D:8      | Found a shadowy altar of Dithmenos.
  6480 | D:8      | Identified the +2 robe of the Mackerel {Str+2}
  6658 | D:8      | Found an ancient bone altar of Kikubaaqudgha.
  7059 | D:8      | Reached skill level 5 in Shields
  7469 | D:9      | Reached skill level 10 in Axes
  7543 | D:9      | Reached ** piety under Hepliaklqana
  7544 | D:9      | Remembered your ancestor Belessunu as a battlemage
  7649 | D:9      | Found Xoiregox's Jewellery Emporium.
  7680 | D:9      | Reached XP level 11. HP: 34/50 MP: 8/12
  8069 | D:9      | Noticed Maurice
  8081 | D:9      | Killed Maurice
  8277 | D:10     | Entered Level 10 of the Dungeon
  8333 | D:10     | Found a bloodstained altar of Trog.
  8342 | D:10     | Found a broken altar of Ashenzari.
  8656 | D:9      | Bought the ring "Burhic" {*Slow +Blink rC++ rCorr Dex+2}
                  | for 701 gold pieces
  8754 | D:10     | Noticed a two-headed ogre
  8763 | D:10     | Killed a two-headed ogre
  8778 | D:10     | Found a staircase to the Lair.
  8778 | D:10     | Killed from afar by an electric eel

Illustrated notes

Levels and vault maps discovered:
D:1:      zelgadis_glass_arrival_small, layout_rooms, minmay_hexomino_p4
D:2:      layout_loops_ring
D:3:      minmay_razor_zed, layout_basic, mainiacjoe_overflow_small_starburst,
          kennysheep_decorative_pillar
D:4:      layout_rooms, nicolae_ru_awakened_eye, minmay_checkerbox, uniq_sigmund
D:5:      minmay_chambers_of_threes, layout_basic, old_standard_altar
D:6:      layout_cave_pools, lemuel_round_altar, kennysheep_little_box,
          fedhas_altar_fruit_tree, minmay_temple_entry_grid
D:7:      layout_rooms, nicolae_overflow_crystal_walls,
          nicolae_ossuary_entry_catacombs
D:8:      layout_cave_pools, mainiacjoe_overflow_six_doors_small,
          lemuel_coloured_pillars_altar
D:9:      layout_loops_ring, serial_shops, nicolae_inconvenience_store,
          uniq_maurice
D:10:     layout_roguey, jmf_multi_god_temple, erik_lair_island, uniq_psyche

Skill      XL: |  1  2  3  4  5  6  7  8  9 10 11 |
---------------+----------------------------------+-----
Axes           | 2 3 4 5 6 8 10 | 10.9
Fighting       | 3 4 5 6 |  6.5
Armour         | 3 4 5 6 7 |  7.2
Shields        | 3 4 5 6 |  6.1
Dodging        | 1 2 3 |  3.6
Stealth        | 1 2 |  2.5

Action                     |  1- 3 |  4- 6 |  7- 9 | 10-12 || total
---------------------------+-------+-------+-------+-------++-------
  Melee: War axe           |   108 |    34 |       |       ||   142
         Bite              |    19 |    33 |    66 |    57 ||   175
         Hand axe          |       |    69 |   210 |   191 ||   470
 Invoke: Ancestor Life: Ba |       |       |       |     1 ||     1
    Use: Scroll            |       |     5 |     7 |     5 ||    17
         Potion            |       |     2 |       |       ||     2
 Armour: Scale mail        |    74 |    43 |    79 |    71 ||   267
  Dodge: Dodged            |    61 |    50 |    82 |    86 ||   279
  Block: Buckler           |    25 |    22 |    51 |    69 ||   167

Table legend: (Time is in decaauts)
 A = Elapsed time spent in this place.
 B = Non-inter-level travel time spent in this place.
 C = Inter-level travel time spent in this place.
 D = Time resting spent in this place.
 E = Time spent auto-exploring this place.
 F = Levels seen in this place.
 G = Mean time per level.
                   A        B        C        D        E       F      G
               +--------+--------+--------+--------+--------+-----+--------+
         Total |   8811 |   8811 |      0 |   1170 |      0 |  11 |  801.0 |
       Dungeon |   8333 |   8333 |      0 |   1068 |      0 |  10 |  833.3 |
       Ossuary |    477 |    477 |      0 |    102 |      0 |   1 |  477.0 |
               +--------+--------+--------+--------+--------+-----+--------+

Top non-repeatable levels by time:
     D:9: 1305 daAuts
     D:5: 1286 daAuts
     D:3: 1010 daAuts
     D:1: 843 daAuts
     D:2: 812 daAuts
     D:8: 807 daAuts
     D:6: 764 daAuts
     D:4: 682 daAuts
     D:7: 572 daAuts
 Ossuary: 477 daAuts
    D:10: 248 daAuts
